 Dungeon Crawl Stone Soup version 0.28-a0-697-g47f3eba078 (webtiles) character file.

Game seed: 11051288351439308913

200 KoroneIsBestGirl the Chiller (level 5, 0/31 HPs)
             Began as a Barachi Ice Elementalist on Oct 23, 2021.
             Was a Believer of Hepliaklqana.
             Killed from afar by an orc wizard (12 damage)
             ... with a puff of flame
             ... on level 3 of the Dungeon.
             The game lasted 00:03:44 (2742 turns).

KoroneIsBestGirl the Chiller (BaIE)                 Turns: 2742, Time: 00:03:45

Health: 0/31       AC:  2    Str:  9    XL:     5   Next: 78%
Magic:  9/10       EV: 13    Int: 16    God:    Hepliaklqana [**....]
Gold:   92         SH:  0    Dex: 13    Spells: 7/11 levels left

rFire   . . .      SeeInvis .   k - +2 quarterstaff (speed)
rCold   . . .      Faith    .   (shield currently unavailable)
rNeg    . . .      Spirit   .   a - +0 robe
rPois   .          Reflect  .   (no helmet)
rElec   .          Harm     .   (no cloak)
rCorr   .          Rampage  .   (no gloves)
Will    .....                   (no boots)
Stlth   +.........              (no amulet)
HPRegen 0.10/turn               (no ring)
MPRegen 0.12/turn               (no ring)

@: confused, slow
A: reduced essence, amphibious, slowness 1, strong legs 1, +LOS
a: Hop, Renounce Religion, Recall Ancestor, Ancestor Identity


You were on level 3 of the Dungeon.
You worshipped Hepliaklqana.
Hepliaklqana was pleased with you.
You visited 1 branch of the dungeon, and saw 3 of its levels.

You collected 92 gold pieces.

Inventory:

Hand Weapons
 f - a +1 dagger of protection
 k - a +2 quarterstaff of speed (weapon)
Armour
 a - a +0 robe (worn)
Wands
 e - a wand of flame (12)
 l - a wand of mindburst (11)
Scrolls
 b - a scroll of teleportation
 c - a scroll of acquirement
 d - 2 scrolls of identify
 h - 2 scrolls of enchant armour {unknown}
 j - 3 scrolls of magic mapping {unknown}
Potions
 g - 2 potions of lignification {unknown}
 i - a potion of attraction {unknown}
 m - a potion of haste
 n - a potion of curing


   Skills:
 + Level 4.0 Dodging
 - Level 1.7 Stealth
 + Level 3.7 Spellcasting
 + Level 6.2 Ice Magic


You had 7 spell levels left.
You knew the following spells:

 Your Spells              Type           Power      Damage    Failure   Level
a - Freeze                Ice            88%        1d10      1%          1
b - Frozen Ramparts       Ice            44%        1d6       4%          3

Your spell library contained the following spells:

 Spells                   Type           Power      Damage    Failure   Level
 Ozocubu's Armour         Ice            22%        N/A       4%          3
 Hailstorm                Conj/Ice       12%        3d5       43%         4


Dungeon Overview and Level Annotations

Branches:
Dungeon (3/15)

Altars:
Hepliaklqana

Shops:
D:1 *


Innate Abilities, Weirdness & Mutations

Your life essence is reduced to manifest your ancestor. (-10% HP)
You are amphibious.
You cover ground slowly.
You can hop short distances.
You have an extended range of vision and can be seen from far away.


Message History

The frozen ramparts melt away.
Something hits you but does no damage. Something hits you.
You hear some strange, mumbled words.
You are more confused.
You bump into the rock wall.
Something hits you but does no damage.
You're too confused to cast spells.
You miss something. Something hits you.
Unknown command.
You bump into the rock wall.
Something hits you but does no damage. Tlalli casts a spell next to you.
You barely miss Tlalli.
You hear some strange, mumbled words.
A puff of flame appears from out of thin air!
The puff of flame hits you!
You miss Tlalli. Something hits you.
You bump into the rock wall.
Tlalli casts a spell next to you. Something hits you.
You sock Tlalli!
Tlalli is heavily damaged.
Something hits you.
You bump into the rock wall.
You hear some strange, mumbled words.
Something tries to affect you, but you resist.
You bump into the rock wall.
You feel less confused.
You hear some strange, mumbled words.
You are confused.
You bump into the rock wall.
Something hits you.
You bump into the rock wall.
You hear some strange, mumbled words.
A puff of flame appears from out of thin air!
The puff of flame misses you.
The puff of flame hits Tlalli.
Tlalli resists.
You bump into the rock wall.
You hear some strange, mumbled words.
A puff of flame appears from out of thin air!
The puff of flame hits you!
You die...

#####..#######.####
#.)........#
#.#######..# #.#
#..# #.# #..# #.#
#..# #.# #..# #
####.#######..# .
......){@R....# #
#####.######.## .
#.# ..# ###


You could see the friendly Tlalli the hexer.

Vanquished Creatures
  An orc wizard (D:3)
  Natasha (thrice) (D:2)
  An adder (D:3)
  2 worms
  5 dart slugs
  7 orcs (D:3)
  3 endoplasms
  A giant cockroach (D:2)
  4 goblins
  4 hobgoblins
  4 kobolds
  2 quokkas
  5 ball pythons
  6 bats
  4 frilled lizards
  5 rats
57 creatures vanquished.

Vanquished Creatures (collateral kills)
  An adder (D:2)
  An orc (D:3)
  A hobgoblin (D:2)
3 creatures vanquished.

Grand Total: 60 creatures vanquished

Notes
Turn   | Place    | Note
-------+----------+-------------------------------------------
     0 | D:1      | KoroneIsBestGirl the Barachi Ice Elementalist began the
                  | quest for the Orb.
     0 | D:1      | Reached XP level 1. HP: 13/13 MP: 3/3
   136 | D:1      | Found Dyq Zuf's General Store.
   290 | D:1      | Reached skill level 5 in Ice Magic
   315 | D:1      | Reached XP level 2. HP: 15/19 MP: 1/5
   561 | D:1      | Found a faded altar of an unknown god.
   600 | D:1      | Prayed at the altar of an unknown god.
   600 | D:1      | Became a worshipper of Hepliaklqana the Forgotten
   600 | D:1      | Reached * piety under Hepliaklqana
   967 | D:2      | Reached XP level 3. HP: 21/21 MP: 0/7
  1276 | D:2      | Noticed Natasha
  1281 | D:2      | HP: 1/21 [Natasha (2)]
  1282 | D:2      | Killed Natasha
  1283 | D:2      | Reached XP level 4. HP: 1/27 MP: 4/8
  1283 | D:2      | Identified a scroll of acquirement
  1311 | D:2      | Noticed Natasha
  1329 | D:2      | Learned a level 3 spell: Frozen Ramparts
  1332 | D:2      | Killed Natasha
  1482 | D:2      | Noticed Natasha
  1493 | D:2      | Killed Natasha
  1494 | D:2      | Reached XP level 5. HP: 23/31 MP: 6/10
  1735 | D:2      | Reached ** piety under Hepliaklqana
  1736 | D:2      | Remembered your ancestor Tlalli as a hexer
  2082 | D:3      | Reached skill level 6 in Ice Magic
  2742 | D:3      | Killed from afar by an orc wizard

Illustrated notes

Levels and vault maps discovered:
D:1:      eino_arrival_water_cross, layout_basic, ebering_ecumenical_altar_rust,
          serial_shops, shop
D:2:      layout_rooms, minmay_tiny_reverse_x, uniq_natasha
D:3:      layout_loops_ring

Skill      XL: |  1  2  3  4  5 |
---------------+----------------+-----
Ice Magic      | 5 6 |  6.2
Dodging        | 3 4 |  4.0
Spellcasting   | 3 |  3.7
Stealth        | |  1.7

Action                   |  1- 3 |  4- 6 || total
-------------------------+-------+-------++-------
Melee: Unarmed           |     6 |       ||     6
       Dagger            |     7 |     3 ||    10
       Quarterstaff      |       |     9 ||     9
 Cast: Freeze            |    48 |    36 ||    84
       Frozen Ramparts   |       |     4 ||     4
Invok: Ancestor Life: He |       |     1 ||     1
  Use: Potion            |     2 |       ||     2
       Scroll            |       |     2 ||     2
 Stab: Sleeping          |       |     1 ||     1
Armor: Robe              |    16 |     7 ||    23
Dodge: Dodged            |    31 |    26 ||    57

Table legend: (Time is in decaauts)
 A = Elapsed time spent in this place.
 B = Non-inter-level travel time spent in this place.
 C = Inter-level travel time spent in this place.
 D = Time resting spent in this place.
 E = Time spent auto-exploring this place.
 F = Levels seen in this place.
 G = Mean time per level.
                   A        B        C        D        E       F      G
               +--------+--------+--------+--------+--------+-----+--------+
         Total |   2944 |   2876 |     68 |     33 |   2408 |   3 |  981.3 |
       Dungeon |   2944 |   2876 |     68 |     33 |   2408 |   3 |  981.3 |
               +--------+--------+--------+--------+--------+-----+--------+

Top non-repeatable levels by time:
     D:2: 1110 daAuts
     D:1: 1011 daAuts
     D:3: 822 daAuts
